 Dungeon Crawl Stone Soup version 0.28.0-53-g5a82cb258f (webtiles) character file.

Game seed: 5778133596941648532

67 buhh the Insei (level 4, -4/30 HPs)
             Began as an Octopode Transmuter on June 18, 2022.
             Killed from afar by a white imp (10 damage)
             ... with a puff of frost
             ... summoned by Natasha
             ... on level 2 of the Dungeon.
             The game lasted 00:02:16 (1518 turns).

buhh the Insei (Octopode Transmuter)                Turns: 1518, Time: 00:02:17

Health: -4/30      AC:  1    Str:  9    XL:     4   Next: 16%
Magic:  6/7        EV: 13    Int: 17    God:
Gold:   14         SH:  0    Dex: 12    Spells: 6/7 levels left

rFire   . . .      SeeInvis .     - Unarmed
rCold   . . .      Faith    .   (no shield)
rNeg    . . .      Spirit   .   (helmet currently unavailable)
rPois   .          Reflect  .   (no amulet)
rElec   .          Harm     .   (no ring)
rCorr   .          Rampage  .   (no ring)
Will    .....                   (no ring)
Stlth   +++.......              (no ring)
HPRegen 0.10/turn               (no ring)
MPRegen 0.10/turn               (no ring)
                                (no ring)
                                (no ring)

@: appendages (expiring), slowed, very slow
A: tentacle spike 3, almost no armour, amphibious, 8 rings, camouflage 1,
gelatinous body 1, (nimble swimmer 1), tentacles
a: End Transformation


You were on level 2 of the Dungeon.
One of your tentacles had grown a beastly spike.
You visited 1 branch of the dungeon, and saw 2 of its levels.

You collected 14 gold pieces.

Inventory:

Missiles
 e - 6 poisoned darts
Scrolls
 b - a scroll of amnesia {unknown}
 d - 2 scrolls of identify {unknown}
Potions
 a - 2 potions of magic {unknown}
 c - a potion of mutation {unknown}


   Skills:
 + Level 2.3 Fighting
 * Level 1.5 Throwing
 - Level 2.0 Dodging
 - Level 1.0 Stealth
 + Level 3.7 Unarmed Combat
 - Level 2.0 Spellcasting
 - Level 2.0 Transmutations


You had 6 spell levels left.
You knew the following spells:

 Your Spells              Type           Power      Damage    Failure   Level
a - Beastly Appendage     Tmut           16%        N/A       9%          1

Your spell library contained the following spells:

 Spells                   Type           Power      Damage    Failure   Level
 Wereblood                Tmut           8%         N/A       13%         2
 Spider Form              Tmut/Pois      5%         N/A       36%         3
 Inner Flame              Hex/Fire       1%         N/A       50%         3
 Ice Form                 Ice/Tmut       5%         N/A       77%         4
 Cause Fear               Hex            0%         N/A       88%         4
 Discord                  Hex            0%         N/A       100%        8


Dungeon Overview and Level Annotations

Branches:
Dungeon (2/15)

Altars:

Annotations:
D:2 Natasha


Innate Abilities, Weirdness & Mutations

One of your tentacles has grown a beastly spike.
You cannot wear most types of armour.
You are amphibious.
You can wear up to eight rings at the same time.
Your skin changes colour to match your surroundings (Stealth+).
Your rubbery body absorbs attacks. (AC +1, EV +1)
((You are camouflaged when in or above water. (Stealth+)))
You have tentacles for arms and can constrict up to eight enemies at once.


Message History

You kill the hobgoblin!
Your tentacle spike disappears.
You feel yourself speed up.
Things that are here:
a hobgoblin corpse; the felid corpse of Natasha Natasha, Servant of Life and Death comes into view.
One of your tentacles grows a vicious spike.
Natasha hisses angrily.
Natasha drinks a potion.
Natasha seems to speed up.
You closely miss Natasha. Your grab misses Natasha.
Your tentacle spike misses Natasha.
Your squeeze misses Natasha.
Natasha mumbles some strange words.
You barely miss Natasha. Your grab misses Natasha. Your squeeze misses Natasha.
Natasha closely misses you.
Natasha wildly gestures.
You feel disoriented. Natasha claws you.
You closely miss Natasha. You grab Natasha.
You pierce Natasha.
Natasha is moderately wounded.
You constrict Natasha, but do no damage.
Natasha claws you.
You tentacle-slap Natasha but do no damage.
You pierce Natasha.
Natasha is heavily wounded.
Your transformation is almost over.
You constrict Natasha, but do no damage.
Natasha stares at you and mumbles some strange words.
You feel yourself slow down. The white imp gestures at you.
The puff of frost hits you.
You tentacle-slap Natasha but do no damage.
You pierce Natasha.
Natasha is severely wounded.
You constrict Natasha. Natasha claws you. The white imp barely misses you.
Natasha casts a spell at you. The magic dart hits you!
* * * LOW HITPOINT WARNING * * *
The white imp gestures at you. The puff of frost hits you!
You die...

#.# #.####........
#.# #.............
#.# ##..5........#
#.# #.#.#.#.#.#.#.
#.###.............
#.##.#.#.#.#.#.#.#
#.##g.h...........
#.#.#.#.#.#.#.#.#
#@#............
#5h#.#.#.#.#.
#......h.....
#..#.#.#.#.#.
#............
#.#.#.#g#.#.# ##..
.... . #.#.#.#.#
#. ..


You could see Natasha (fast) and a white imp (summoned).

Vanquished Creatures
  Natasha (D:2)
  An adder (D:2)
  A dart slug (D:1)
  6 bats
  4 endoplasms
  2 goblins
  5 hobgoblins
  2 quokkas (D:1)
  2 ball pythons (D:1)
  2 kobolds (D:1)
  3 rats (D:1)
29 creatures vanquished.

Notes
Turn   | Place    | Note
-------+----------+-------------------------------------------
     0 | D:1      | buhh the Octopode Transmuter began the quest for the Orb.
     0 | D:1      | Reached XP level 1. HP: 13/13 MP: 3/3
     6 | D:1      | Noticed an electric eel
   238 | D:1      | Reached XP level 2. HP: 18/18 MP: 3/5
   980 | D:1      | Reached XP level 3. HP: 22/24 MP: 4/6
  1022 | D:1      | Found a faded altar of an unknown god.
  1436 | D:2      | Noticed Natasha
  1452 | D:2      | Killed Natasha
  1453 | D:2      | Reached XP level 4. HP: 25/29 MP: 5/7
  1512 | D:2      | Noticed Natasha
  1518 | D:2      | Killed from afar by a white imp

Illustrated notes

Levels and vault maps discovered:
D:1:      arrival_aquarium_a, layout_rooms,
          shapermc_ecumenical_altar_notcrosses, chequers_serial_rivers_room_b
D:2:      layout_basic, basic_altar, hex_large, minivault_25, uniq_robin,
          uniq_natasha

Skill      XL: |  1  2  3 |
---------------+----------+-----
Stealth        | 1 |  1.0
Fighting       | 2 |  2.3
Throwing       | 1 |  1.5
Dodging        | |  2.0
Unarmed Combat | |  3.7
Spellcasting   | |  2.0
Transmutations | |  2.0

Action                   |  1- 3 |  4- 6 || total
-------------------------+-------+-------++-------
Melee: Unarmed           |    71 |     7 ||    78
       Constrict         |    22 |     2 ||    24
       Kick              |    16 |     4 ||    20
       Tentacles         |     6 |       ||     6
       Punch             |     2 |       ||     2
 Cast: Beastly Appendage |    21 |     1 ||    22
 Stab: Sleeping          |     6 |       ||     6
Armor: Skin              |    12 |       ||    12
Dodge: Dodged            |    57 |     3 ||    60
